 Dungeon Crawl Stone Soup version 0.27-a0-1200-g94dc6ad4cf (webtiles) character file.

Game seed: 5065148194395729604

135 bilbop the Shield-Bearer (level 4, -4/40 HPs)
             Began as a Minotaur Fighter on June 1, 2021.
             Killed from afar by Sigmund (7 damage)
             ... with a magic dart
             ... on level 3 of the Dungeon.
             The game lasted 00:04:57 (2113 turns).

bilbop the Shield-Bearer (Minotaur Fighter)         Turns: 2113, Time: 00:04:58

Health: -4/40      AC:  7    Str: 21    XL:     4   Next: 96%
Magic:  3/3        EV:  7    Int:  5    God:
Gold:   140        SH:  9    Dex: 10    Spells: 3/3 levels left

rFire    . . .     SeeInvis .   a - +0 flail
rCold    . . .     Faith    .   c - +0 kite shield
rNeg     . . .     Spirit   .   e - +0 scale mail
rPois    .         Reflect  .   (helmet restricted)
rElec    .         Harm     .   (no cloak)
rCorr    .         Rampage  .   (no gloves)
Will     .....                  (no boots)
Stlth    ..........             (no amulet)
HPRegen  0.13/turn              (no ring)
MPRegen  0.08/turn              (no ring)

@: no status effects
A: horns 2, retaliatory headbutt
a: no special abilities


You were on level 3 of the Dungeon.
You visited 1 branch of the dungeon, and saw 3 of its levels.

You collected 140 gold pieces.

Inventory:

Hand Weapons
 a - a +0 flail (weapon)
 b - a +0 hunting sling
Missiles
 j - 34 sling bullets
Armour
 c - a +0 kite shield (worn)
 e - a +0 scale mail (worn)
Jewellery
 f - a ring of poison resistance
Wands
 m - a wand of flame (14)
Scrolls
 g - a scroll of enchant weapon {unknown}
 i - a scroll of immolation {unknown}
 l - a scroll of torment {unknown}
 n - a scroll of identify {unknown}
 q - a scroll of fear {unknown}
Potions
 d - 2 potions of might
 h - a potion of cancellation {unknown}
 k - a potion of lignification {unknown}
 o - a potion of brilliance {unknown}
 p - 2 potions of curing {unknown}


   Skills:
 + Level 4.2 Fighting
 * Level 4.2 Maces & Flails
 + Level 1.6 Slings
 + Level 4.3 Armour
 + Level 4.3 Shields


You had 3 spell levels left.
You didn't know any spells.
Your spell library contained the following spells:

 Spells                   Type           Power      Damage    Failure   Level
 Corona                   Hex            0%         N/A       99%         1
 Ensorcelled Hibernation  Hex/Ice        0%         N/A       100%        2
 Confusing Touch          Hex            0%         N/A       100%        3
 Dazzling Flash           Conj/Hex       0%         N/A       100%        3
 Tukima's Dance           Hex            0%         N/A       100%        3


Dungeon Overview and Level Annotations

Branches:
Dungeon (3/15)

Altars:

Annotations:
D:3 2 runed translucent doors, Sigmund


Innate Abilities, Weirdness & Mutations

You have a pair of horns on your head.
You reflexively headbutt those who attack you in melee.


Message History

Sigmund gestures at you while chanting. The magic dart hits you.
You block the quokka zombie's attack.
You hit Sigmund. Your headbutt misses Sigmund.
Sigmund is severely wounded.
Sigmund hits you with a +0 scythe. The quokka zombie bites you.
Sigmund barely misses you.
You are too injured to fight recklessly!
You are too injured to fight recklessly!
You are too injured to fight recklessly!
You are too injured to fight recklessly!
You are too injured to fight recklessly!
You barely miss Sigmund.
Sigmund is severely wounded.
You block the quokka zombie's attack. You block Sigmund's attack.
You block the quokka zombie's attack.
You thump Sigmund!
Sigmund is almost dead.
Sigmund casts a spell at you.
You are confused.
The quokka zombie bites you but does no damage.
You sock the quokka zombie!
You destroy the quokka zombie!
Sigmund points at you and mumbles some strange words.
You resist with some effort. The hound skeleton bites you.
Sigmund hits you with a +0 scythe.
* * * LOW HITPOINT WARNING * * *
You closely miss Sigmund.
Sigmund is almost dead.
The hound skeleton bites you but does no damage.
Sigmund barely misses you. The hound skeleton barely misses you.
Sigmund hits you from afar with a +0 scythe!
* * * LOW HITPOINT WARNING * * *
You're too confused to move!
The hound skeleton closely misses you. Sigmund barely misses you.
The hound skeleton bites you.
* * * LOW HITPOINT WARNING * * *
You bump into the rock wall.
You feel less confused. Sigmund casts a spell at you. The magic dart hits you!
You die...

≈ ##..#.# #.#####.#.....
♣.###.#####.####........
♣. #...........#.#.#.#.
♣ #######.##..........
#.###.#.#.##.. #####.#
##...####. #.....# ##.##
#. #.##### #.# #.
#.##@####### #.# #.
#..ZZ.@....# #.# #.
#.##.#####.# #.# #. ..
#.. #.# #. ♣.. #.. #.#
#. ♣. #... #.###### #
.... #....... .....
######## ..


You could see Sigmund, a hound zombie and a hound skeleton.

Vanquished Creatures
  A centaur zombie (D:3)
  Jessica (D:3)
  An adder (D:2)
  2 worms (D:2)
  2 dart slugs
  8 endoplasms
  3 giant cockroaches
  4 goblins
  7 hobgoblins
  2 jackals (D:1)
  4 kobolds
  3 quokkas
  3 ball pythons (D:1)
  5 bats
  2 frilled lizards (D:1)
  2 quokka zombies (D:3)
  5 rats
55 creatures vanquished.

Notes
Turn   | Place    | Note
-------+----------+-------------------------------------------
     0 | D:1      | bilbop the Minotaur Fighter began the quest for the Orb.
     0 | D:1      | Reached XP level 1. HP: 19/19 MP: 0/0
   384 | D:1      | Reached XP level 2. HP: 26/27 MP: 1/1
  1158 | D:2      | Reached XP level 3. HP: 33/33 MP: 2/2
  1348 | D:2      | Reached skill level 1 in Slings
  1865 | D:3      | Reached XP level 4. HP: 38/40 MP: 3/3
  1914 | D:3      | Noticed Jessica
  1917 | D:3      | Killed Jessica
  1918 | D:3      | Found a large runed translucent door.
  1918 | D:3      | Found a large runed translucent door.
  2100 | D:3      | Noticed Sigmund
  2113 | D:3      | Killed from afar by Sigmund

Illustrated notes

Levels and vault maps discovered:
D:1:      minmay_arrival_up_and_down, layout_loops_corners, minmay_octomino_j4
D:2:      layout_loops_ring, dk_noncrumbling_4
D:3:      layout_loops_ring, jmf_multi_god_temple2, serial_undead,
          serial_undead_d, serial_undead_b, serial_undead_a, serial_undead_f,
          serial_bayou_lagoon_b, uniq_jessica, uniq_sigmund

Skill      XL: |  1  2  3  4 |
---------------+-------------+-----
Maces & Flails | 3 4 |  4.2
Armour         | 4 |  4.3
Slings         | 1 |  1.6
Shields        | 4 |  4.3
Fighting       | 4 |  4.2

Action                   |  1- 3 |  4- 6 || total
-------------------------+-------+-------++-------
Melee: Flail             |   102 |    25 ||   127
       Headbutt          |    11 |     2 ||    13
 Fire: Hunting sling     |     6 |       ||     6
Armor: Scale mail        |    49 |    10 ||    59
Dodge: Dodged            |    30 |    11 ||    41
Block: Kite shield       |    61 |    16 ||    77

Table legend: (Time is in decaauts)
 A = Elapsed time spent in this place.
 B = Non-inter-level travel time spent in this place.
 C = Inter-level travel time spent in this place.
 D = Time resting spent in this place.
 E = Time spent auto-exploring this place.
 F = Levels seen in this place.
 G = Mean time per level.
                   A        B        C        D        E       F      G
               +--------+--------+--------+--------+--------+-----+--------+
         Total |   2169 |   2091 |     78 |      0 |   1745 |   3 |  723.0 |
       Dungeon |   2169 |   2091 |     78 |      0 |   1745 |   3 |  723.0 |
               +--------+--------+--------+--------+--------+-----+--------+

Top non-repeatable levels by time:
     D:1: 1143 daAuts
     D:2: 704 daAuts
     D:3: 321 daAuts
